[Event "Titled Tuesday Blitz November 07 Late 2023"]
[White "Bongo Akanga Ndjila, Barthelemy"]
[Black "WindWhistler11"]
[WhiteFideId "10609431"]
[WhiteElo "2022"]
[BlackElo "2421"]
[Result "0-1"]
[Round "4"]
[TimeControl "180+1"]
[Date "2023.11.07"]
[WhiteClock "0:00:00"]
[BlackClock "0:00:09"]
[Board "139"]

1. d4 Nf6 2. c4 e6 3. Nf3 c5 4. d5 exd5 5. cxd5 Bd6 6. Nc3 O-O 7. Nd2 Re8 8. e4 Bc7 9. Be2 d6 10. O-O a6 11. a4 Nbd7 12. Nc4 Rb8 13. a5 Ne5 14. Nxe5 Rxe5 15. f4 Re8 16. Bf3 Bxa5 17. Bd2 Bxc3 18. Bxc3 Nxe4 19. Bxe4 Rxe4 20. f5 Qg5 21. Rf3 Bxf5 22. Ra4 Rxa4 23. Qxa4 Qc1+ 24. Kf2 Qc2+ 25. Qxc2 Bxc2 26. Rg3 Bg6 27. h4 h5 28. Rg5 Kf8 29. g4 b5 30. gxh5 b4 31. Bd2 Be4 32. Bf4 Rb6 33. Rg1 a5 34. h6 gxh6 35. Bxh6+ Ke8 36. Rg8+ Kd7 37. Rg5 a4 38. Ke3 Bc2 39. Rg2 b3 40. Rg7 Ke7 41. Bg5+ Kf8 42. Bf6 a3 43. bxa3 b2 44. Bxb2 Rxb2 0-1


[Site "https://www.chess.com"]

[Event "Titled Tuesday Blitz November 07 Late 2023"]
[White "Vargas, Mauricio"]
[Black "Wanyama, Harold"]
[WhiteFideId "4404572"]
[BlackFideId "10000380"]
[WhiteElo "1854"]
[BlackElo "2421"]
[Result "0-1"]
[Round "4"]
[TimeControl "180+1"]
[Date "2023.11.07"]
[WhiteClock "0:00:00"]
[BlackClock "0:01:02"]
[Board "140"]

1. e4 c5 2. Nc3 e6 3. f4 Nc6 4. Nf3 Nge7 5. Bb5 a6 6. Bxc6 Nxc6 7. d3 d6 8. O-O Be7 9. Ne2 O-O 10. Qe1 Rb8 11. c3 b5 12. Qg3 b4 13. Bd2 a5 14. Rab1 Ba6 15. Ne1 Bf6 16. Qf3 Qc7 17. g4 g6 18. g5 Bg7 19. Ng3 f6 20. Ne2 fxg5 21. Qg4 Qe7 22. fxg5 Rxf1+ 23. Kxf1 Ne5 24. Qg3 Rf8+ 25. Kg2 Qf7 26. Nf4 Nc6 27. Rc1 Be5 28. Qg4 Bxf4 29. Bxf4 Qxf4 30. Qxe6+ Rf7 31. Qd5 Qxc1 32. Nf3 Ne5 33. Nxe5 Qxg5+ 34. Kh3 Bc8+ 0-1


[Site "https://www.chess.com"]

[Event "Titled Tuesday Blitz November 07 Late 2023"]
[White "Desideri, Ricardo Maruchi"]
[Black "Estrada Nieto, Julian"]
[WhiteFideId "2110440"]
[BlackFideId "5101018"]
[WhiteElo "2011"]
[BlackElo "2440"]
[Result "0-1"]
[Round "4"]
[TimeControl "180+1"]
[Date "2023.11.07"]
[WhiteClock "0:00:27"]
[BlackClock "0:02:20"]
[Board "141"]

1. e4 e5 2. Nf3 Nc6 3. Nc3 Nf6 4. Bb5 Bb4 5. Nd5 Bc5 6. d3 h6 7. O-O d6 8. b4 Bb6 9. a4 a6 10. Nxb6 cxb6 11. Bc4 O-O 12. c3 Be6 13. Bxe6 fxe6 14. h3 Qe8 15. Ba3 b5 16. axb5 axb5 17. Bb2 Rxa1 18. Qxa1 Nh5 19. d4 Rxf3 20. gxf3 Nf4 21. Bc1 Qg6+ 0-1


[Site "https://www.chess.com"]

[Event "Titled Tuesday Blitz November 07 Late 2023"]
[White "Jovic, Stanoje"]
[Black "Nita, Lucian"]
[WhiteFideId "905020"]
[BlackFideId "1206923"]
[WhiteElo "2438"]
[BlackElo "2315"]
[Result "1-0"]
[Round "4"]
[TimeControl "180+1"]
[Date "2023.11.07"]
[WhiteClock "0:00:46"]
[BlackClock "0:01:05"]
[Board "142"]

1. c4 d6 2. g3 e5 3. Bg2 Nf6 4. Nc3 Be7 5. Nf3 O-O 6. O-O Nbd7 7. d3 c6 8. Rb1 d5 9. b4 d4 10. Ne4 Nxe4 11. dxe4 f6 12. Ne1 Re8 13. Nd3 Nf8 14. c5 Be6 15. a4 a5 16. b5 Nd7 17. Qc2 Kh8 18. f4 Rc8 19. Ba3 g6 20. h4 Rg8 21. Kh2 h5 22. f5 gxf5 23. exf5 Bd5 24. Bxd5 cxd5 25. Qd1 Nxc5 26. Nxc5 Bxc5 27. Bxc5 Rxc5 28. e4 Qe8 29. exd5 Rxd5 30. Qd2 Kh7 31. Qxa5 e4 32. Rbc1 Qe5 33. Rc7+ Kh6 34. Rf4 Rg7 35. Rc8 Rdd7 36. Qa8 Rh7 37. Rg8 Qe7 38. Rg6# 1-0


[Site "https://www.chess.com"]

[Event "Titled Tuesday Blitz November 07 Late 2023"]
[White "Abduzhaparov"]
[Black "claudiuprunescu"]
[WhiteElo "2427"]
[BlackElo "2202"]
[Result "0-1"]
[Round "4"]
[TimeControl "180+1"]
[Date "2023.11.07"]
[WhiteClock "0:00:25"]
[BlackClock "0:00:22"]
[Board "143"]

1. Nf3 Nf6 2. c4 c5 3. Nc3 Nc6 4. d4 cxd4 5. Nxd4 g6 6. e4 d6 7. Be2 Nxd4 8. Qxd4 Bg7 9. Bg5 O-O 10. Qd2 Be6 11. b3 Qa5 12. Rc1 Rfc8 13. f3 a6 14. Na4 Qxd2+ 15. Kxd2 Nd7 16. g4 Bf6 17. Be3 Rc6 18. h4 Rac8 19. g5 Bg7 20. f4 Nc5 21. Nxc5 dxc5 22. e5 h5 23. Bf3 R6c7 24. Rhd1 f6 25. exf6 exf6 26. Ke2 fxg5 27. hxg5 Re8 28. Kf2 Ree7 29. Rd6 Bf5 30. Rd5 b6 31. Bxh5 Be4 32. Rd8+ Kf7 33. Bg4 Bb2 34. Rh1 Bxh1 35. f5 gxf5 36. Bxf5 Kg7 37. Rb8 Rf7 38. Kg1 Rxf5 39. Kxh1 Re7 40. Bg1 Re1 41. Rxb6 Rff1 42. Rb7+ Kg6 43. Kh2 Be5+ 44. Kh3 Rxg1 45. Rb6+ Kxg5 46. Rb7 Re3# 0-1


[Site "https://www.chess.com"]

[Event "Titled Tuesday Blitz November 07 Late 2023"]
[White "Quirke, Jeffrey"]
[Black "Herman, Daniel"]
[WhiteFideId "2013029"]
[BlackFideId "30935008"]
[WhiteElo "2249"]
[BlackElo "2404"]
[Result "0-1"]
[Round "4"]
[TimeControl "180+1"]
[Date "2023.11.07"]
[WhiteClock "0:00:00"]
[BlackClock "0:00:18"]
[Board "144"]

1. e4 d6 2. d4 Nf6 3. Bd3 e5 4. c3 Nc6 5. d5 Nb8 6. c4 g6 7. Nc3 Bg7 8. Nge2 O-O 9. h3 c6 10. O-O cxd5 11. cxd5 Nbd7 12. Be3 Nc5 13. b4 Nxd3 14. Qxd3 Nh5 15. Rac1 f5 16. f3 f4 17. Bf2 g5 18. Nb5 Rf7 19. Nxa7 Bd7 20. a4 Nf6 21. a5 h5 22. Bb6 Qe8 23. Kf2 g4 24. hxg4 hxg4 25. Ke1 Bf8 26. Kd2 Nh5 27. Rh1 Rh7 28. Rc7 Nf6 29. Rxh7 Kxh7 30. Nc3 Kg8 31. Nab5 Qh5 32. Rxb7 Qh2 33. Qe2 Nh5 34. Rxd7 Ng3 35. Qf2 Qh1 36. Qg1 Qh4 37. Nxd6 Qf6 38. Nc4 Rc8 39. Rc7 Rb8 40. Rc6 Qg7 41. Qh2 Nf1+ 42. Kd3 Nxh2 43. a6 gxf3 44. gxf3 Nxf3 45. a7 Ra8 46. Nb5 Qg3 0-1


[Site "https://www.chess.com"]

[Event "Titled Tuesday Blitz November 07 Late 2023"]
[White "Melikhov, Evgeny V."]
[Black "Smirnov, Timofey"]
[WhiteFideId "4122046"]
[BlackFideId "24176427"]
[WhiteElo "2383"]
[BlackElo "2154"]
[Result "1-0"]
[Round "4"]
[TimeControl "180+1"]
[Date "2023.11.07"]
[WhiteClock "0:01:09"]
[BlackClock "0:00:13"]
[Board "145"]

1. d4 d5 2. c4 c6 3. Nc3 Nf6 4. e3 e6 5. Nf3 a6 6. c5 Be7 7. Ne5 Nbd7 8. f4 Ne4 9. Nxe4 dxe4 10. Nxd7 Qxd7 11. Be2 f5 12. O-O g5 13. Bh5+ Kd8 14. Bd2 Kc7 15. fxg5 Bxg5 16. Qe1 Qg7 17. Qg3+ e5 18. dxe5 Be6 19. Bc3 Rhg8 20. Rae1 Rad8 21. Rxf5 Bxf5 22. e6+ Kc8 23. Bxg7 Rxg7 24. Qe5 Bxe3+ 25. Rxe3 Rd1+ 26. Bxd1 Rxg2+ 27. Kxg2 Bh3+ 28. Kxh3 h5 1-0


[Site "https://www.chess.com"]

[Event "Titled Tuesday Blitz November 07 Late 2023"]
[White "Bueno, Alfeu Junior Varela"]
[Black "Dias, Joao Batista"]
[WhiteFideId "2108879"]
[BlackFideId "2108240"]
[WhiteElo "2324"]
[BlackElo "1973"]
[Result "1-0"]
[Round "4"]
[TimeControl "180+1"]
[Date "2023.11.07"]
[WhiteClock "0:01:55"]
[BlackClock "0:01:54"]
[Board "146"]

1. e4 e5 2. Nc3 Nf6 3. f4 d6 4. Nf3 exf4 5. d4 Be7 6. Bxf4 O-O 7. Qd2 Nc6 8. O-O-O a6 9. h3 b5 10. g4 Na5 11. g5 Nh5 12. Bh2 Nc4 13. Qg2 g6 14. Bxc4 bxc4 15. Ne2 Rb8 16. Nf4 Nxf4 17. Bxf4 f6 18. h4 f5 19. e5 dxe5 20. Nxe5 Qe8 21. h5 Qb5 22. c3 Bb7 23. d5 Rfd8 24. hxg6 Bxd5 25. Qh2 Bxh1 26. Qxh7+ 1-0


[Site "https://www.chess.com"]

[Event "Titled Tuesday Blitz November 07 Late 2023"]
[White "Flameboard08"]
[Black "Elbebiber"]
[WhiteElo "2590"]
[BlackElo "2107"]
[Result "1-0"]
[Round "4"]
[TimeControl "180+1"]
[Date "2023.11.07"]
[WhiteClock "0:00:09"]
[BlackClock "0:00:00"]
[Board "147"]

1. f4 f5 2. Nf3 Nf6 3. d3 e6 4. Nbd2 d6 5. e4 fxe4 6. dxe4 Nc6 7. c3 Be7 8. Bd3 e5 9. O-O exf4 10. Bc4 Ne5 11. Bb3 Bg4 12. h3 Bh5 13. Qe2 Qd7 14. a4 O-O-O 15. a5 a6 16. Qf2 Kb8 17. Nd4 g5 18. Be6 Qe8 19. N2f3 Nxe4 20. Qe1 Nxf3+ 21. Nxf3 Nc5 22. Bd5 Bf6 23. Qf2 Bf7 24. Bxf7 Qxf7 25. b4 Ne4 26. Qc2 Rhe8 27. Bb2 Ng3 28. Rf2 Re3 29. b5 Rde8 30. bxa6 bxa6 31. Rb1 Ka8 32. Qa4 Qd5 33. Kh2 g4 34. c4 Qb7 35. Bxf6 Qxb1 36. Qc6+ Qb7 37. Qd7 gxf3 38. Rb2 Qa7 39. Qc6+ 1-0


[Site "https://www.chess.com"]

[Event "Titled Tuesday Blitz November 07 Late 2023"]
[White "Hajiyev, Kanan"]
[Black "Broca Jimenez, Fernando"]
[WhiteFideId "13404148"]
[BlackFideId "5104742"]
[WhiteElo "2481"]
[BlackElo "2241"]
[Result "0-1"]
[Round "4"]
[TimeControl "180+1"]
[Date "2023.11.07"]
[WhiteClock "0:00:10"]
[BlackClock "0:00:07"]
[Board "148"]

1. d4 Nf6 2. Nf3 e6 3. c4 b6 4. Nc3 Bb7 5. g3 d5 6. cxd5 Nxd5 7. Bg2 Nxc3 8. bxc3 Be7 9. O-O O-O 10. a4 c5 11. Bb2 Nd7 12. Re1 Qc7 13. Qd3 Nf6 14. e4 Rfd8 15. Rac1 Rac8 16. h4 h6 17. Qe3 Bxe4 18. Qf4 Qxf4 19. gxf4 cxd4 20. cxd4 Bb4 21. Red1 Nd5 22. Ne5 Bxg2 23. Kxg2 Nxf4+ 24. Kf3 Ng6 25. Nc6 Nxh4+ 26. Kg4 Nf5 27. Nxb4 Rxc1 28. Rxc1 Nxd4 29. Rc7 a5 30. Na2 Rd5 31. Nc3 Rd6 32. Nd1 f6 33. Ne3 Kh7 34. Rb7 Kg6 35. Kg3 Nf5+ 36. Kf3 Nxe3 37. fxe3 Rc6 38. Bd4 Rc4 39. Rxb6 Rxa4 40. Ra6 Ra2 41. Bb6 a4 42. Ra7 a3 43. Bc5 Ra1 44. Bf8 Kf5 45. Bxg7 a2 46. Kg2 Re1 47. Rxa2 Rxe3 48. Kf2 Re5 49. Ra6 Rd5 50. Bxh6 Kg6 51. Be3 Kf5 52. Kf3 Rb5 53. Ra3 Rb2 54. Rc3 Rb1 55. Rc5+ e5 56. Ra5 Rb3 57. Ke2 Rb7 58. Ra2 Rh7 59. Bf2 Rh2 60. Ra6 Rh3 61. Ra7 Rb3 62. Ra8 Rb5 63. Rf8 Rd5 64. Be3 Rd6 65. Kf3 e4+ 66. Kf2 Rd3 67. Ke2 Ke5 68. Re8+ Kf5 69. Bf2 Rb3 70. Bh4 Rb2+ 71. Ke3 Rb3+ 72. Kf2 Rh3 73. Bg3 Rh1 74. Rb8 Rb1 75. Rb5+ Rxb5 76. Ke3 Rb3+ 77. Kf2 Rf3+ 78. Kg2 Kg4 79. Be1 Re3 80. Bf2 Re2 81. Kf1 Kf3 82. Bh4 Ke3 83. Bxf6 Kf3 84. Bh4 e3 85. Kg1 Ra2 86. Bf6 e2 87. Bh4 Ra1+ 88. Kh2 e1=Q 89. Bxe1 Rxe1 90. Kh3 Rh1# 0-1


[Site "https://www.chess.com"]

[Event "Titled Tuesday Blitz November 07 Late 2023"]
[White "Su, Dion"]
[Black "Novikova, Margarita"]
[WhiteFideId "2029731"]
[BlackFideId "14109689"]
[WhiteElo "2413"]
[BlackElo "2159"]
[Result "1-0"]
[Round "4"]
[TimeControl "180+1"]
[Date "2023.11.07"]
[WhiteClock "0:00:27"]
[BlackClock "0:00:00"]
[Board "150"]

1. e4 d5 2. exd5 Qxd5 3. Nc3 Qd6 4. Nf3 Nf6 5. d4 Bg4 6. Be2 a6 7. O-O e6 8. h3 Bh5 9. Re1 Be7 10. Ne5 Bxe2 11. Rxe2 Nd5 12. Nxd5 Qxd5 13. c4 Qd8 14. Qb3 Qc8 15. Be3 Nd7 16. Nxd7 Qxd7 17. Qxb7 O-O 18. b3 Bf6 19. Rd1 Rfb8 20. Qf3 c5 21. Red2 cxd4 22. Bxd4 Bxd4 23. Rxd4 Qe7 24. Rd7 Qf8 25. c5 g6 26. c6 Rc8 27. c7 Kg7 28. h4 h5 29. Qc3+ Kg8 30. Qf6 Qe8 31. Rd8 Rxd8 32. cxd8=Q Rxd8 33. Rxd8 1-0


[Site "https://www.chess.com"]

[Event "Titled Tuesday Blitz November 07 Late 2023"]
[White "Feliz Dotel, Dewar Bienvenido"]
[Black "Novikova, Galina"]
[WhiteFideId "6402801"]
[BlackFideId "4157095"]
[WhiteElo "2160"]
[BlackElo "2411"]
[Result "0-1"]
[Round "4"]
[TimeControl "180+1"]
[Date "2023.11.07"]
[WhiteClock "0:00:00"]
[BlackClock "0:00:14"]
[Board "151"]

1. d4 d5 2. e3 Bf5 3. Nf3 e6 4. c4 c6 5. Bd3 Bxd3 6. Qxd3 Nf6 7. O-O Bd6 8. b3 Nbd7 9. Ba3 Qe7 10. Bxd6 Qxd6 11. Nc3 O-O 12. Rfe1 e5 13. cxd5 cxd5 14. dxe5 Nxe5 15. Nxe5 Qxe5 16. Red1 Rad8 17. Nb5 a6 18. Nd4 Ng4 19. Nf3 Qh5 20. h3 Nf6 21. Rac1 Rd7 22. Qd4 Re8 23. Rc2 h6 24. Rdc1 Ne4 25. Rc8 Rxc8 26. Rxc8+ Kh7 27. Qe5 Qxe5 28. Nxe5 Re7 29. Nd3 Rd7 30. Nc5 Nxc5 31. Rxc5 f6 32. Kf1 d4 33. exd4 Rxd4 34. Rc7 Rd2 35. a4 b5 36. axb5 axb5 37. Rc5 b4 38. Rc4 Rb2 39. Rxb4 f5 40. Rb6 g5 41. g4 f4 42. Kg2 Kg7 43. Kf3 Kh7 44. Rb7+ Kg6 45. Rb6+ Kg7 46. Rb8 Kg6 47. b4 Rb3+ 48. Kg2 h5 49. b5 f3+ 50. Kg1 h4 51. b6 Rb1+ 52. Kh2 Rb2 53. b7 Kh7 54. Rf8 Rxb7 55. Rxf3 Kg6 56. Rc3 Rb6 57. Kg2 Rf6 58. Rc4 Ra6 59. f4 Ra2+ 60. Kf3 Ra3+ 61. Kg2 Ra2+ 62. Kf1 gxf4 63. Rxf4 Rh2 64. Rf3 Kg5 65. Kg1 Ra2 66. Rf5+ Kg6 67. Rh5 Rb2 68. Rxh4 Kg5 69. Rh5+ Kf4 70. Rh8 Kf3 71. g5 Rb1+ 72. Kh2 Rb2+ 73. Kh1 Kg3 0-1


[Site "https://www.chess.com"]

[Event "Titled Tuesday Blitz November 07 Late 2023"]
[White "Hartikainen, Jarmo"]
[Black "Skaric, Djuro"]
[WhiteFideId "503134"]
[BlackFideId "934569"]
[WhiteElo "2154"]
[BlackElo "2356"]
[Result "0-1"]
[Round "4"]
[TimeControl "180+1"]
[Date "2023.11.07"]
[WhiteClock "0:02:25"]
[BlackClock "0:02:53"]
[Board "152"]

1. e4 d6 2. d4 g6 3. Nc3 Bg7 4. Be3 Nf6 5. Be2 O-O 6. g4 Nc6 7. h4 e5 8. d5 Ne7 9. h5 c6 10. g5 Nxh5 11. Bxh5 gxh5 12. Qxh5 Re8 13. Qxh7+ Kf8 14. g6 Nxg6 15. Bh6 Qf6 16. Qh8+ Nxh8 0-1


[Site "https://www.chess.com"]

[Event "Titled Tuesday Blitz November 07 Late 2023"]
[White "Dwilewicz, Katarzyna"]
[Black "Tarnowska, Aleksandra"]
[WhiteFideId "1148486"]
[BlackFideId "1180967"]
[WhiteElo "2355"]
[BlackElo "2151"]
[Result "1-0"]
[Round "4"]
[TimeControl "180+1"]
[Date "2023.11.07"]
[WhiteClock "0:00:29"]
[BlackClock "0:00:00"]
[Board "153"]

1. e4 c5 2. Nf3 e6 3. g3 d6 4. Bg2 Qc7 5. O-O Nc6 6. d4 cxd4 7. Nxd4 Nf6 8. c4 Be7 9. Nc3 a6 10. b3 O-O 11. Bb2 Rd8 12. Rc1 Bd7 13. Nd5 exd5 14. cxd5 Rac8 15. dxc6 Bxc6 16. Qd3 Qa5 17. Nf5 Qc7 18. Rfd1 Ne8 19. Qe3 Qd7 20. Bd4 Qe6 21. Bb6 Rd7 22. Nd4 Qg6 23. Bh3 Rb8 24. Nxc6 bxc6 25. Bxd7 Nf6 26. Bf5 Qh5 27. Bc7 Rb7 28. Bxd6 Bd8 29. Be5 Bb6 30. Bxf6 1-0


[Site "https://www.chess.com"]

[Event "Titled Tuesday Blitz November 07 Late 2023"]
[White "VitaliyChayka"]
[Black "Martinez, Shawn"]
[BlackFideId "2039770"]
[WhiteElo "2127"]
[BlackElo "2339"]
[Result "1-0"]
[Round "4"]
[TimeControl "180+1"]
[Date "2023.11.07"]
[WhiteClock "0:00:35"]
[BlackClock "0:00:00"]
[Board "154"]

1. d4 g6 2. Bf4 Bg7 3. e3 a6 4. Nf3 d6 5. Nbd2 Nd7 6. h3 b6 7. Bh2 Bb7 8. Be2 h6 9. O-O e6 10. a4 Ne7 11. Nc4 O-O 12. c3 Nf6 13. Nfd2 Ne4 14. Nxe4 Bxe4 15. Bf3 Bxf3 16. Qxf3 Rb8 17. Rfd1 Qd7 18. Qe2 f5 19. Na3 b5 20. axb5 axb5 21. Nc2 Nd5 22. Ra7 Nf6 23. Rda1 Rf7 24. Nb4 Kh7 25. Na6 Rc8 26. Rb7 Ne4 27. Rxb5 Qc6 28. Nb4 Qd7 29. Rb7 g5 30. Raa7 Nf6 31. Qb5 1-0


[Site "https://www.chess.com"]

[Event "Titled Tuesday Blitz November 07 Late 2023"]
[White "Jelcic, Marko"]
[Black "Ardila, Oscar Humberto"]
[WhiteFideId "14406489"]
[BlackFideId "4404742"]
[WhiteElo "2125"]
[BlackElo "2319"]
[Result "0-1"]
[Round "4"]
[TimeControl "180+1"]
[Date "2023.11.07"]
[WhiteClock "0:01:29"]
[BlackClock "0:01:09"]
[Board "155"]

1. d4 Nf6 2. c4 e6 3. Nc3 Bb4 4. Bd2 O-O 5. Nf3 d5 6. e3 c6 7. Bd3 Nbd7 8. O-O Re8 9. Re1 dxc4 10. Bxc4 Nb6 11. Bb3 Nbd5 12. Bc2 Nxc3 13. Bxc3 Be7 14. Qd3 g6 15. Ne5 Nd5 16. Bb3 Bf6 17. Ng4 Bg7 18. e4 Nxc3 19. bxc3 e5 20. Qf3 Qe7 21. Nxe5 Bxe5 22. dxe5 Be6 23. c4 Qc5 24. Rad1 Qxe5 25. Qd3 Rad8 26. Qe3 Qa5 27. h3 Qe5 28. Qxa7 Qc7 29. Qe3 Rxd1 30. Rxd1 Rd8 31. Rd4 Rxd4 32. Qxd4 h6 33. c5 Bxb3 34. axb3 Qa5 35. b4 Qa4 36. g3 Qb3 37. Qd8+ Kg7 38. Qd4+ Kh7 39. Kg2 Qe6 40. h4 Qb3 41. Qf6 Qc4 42. e5 Kg8 43. Qd8+ Kg7 44. Qf6+ Kg8 45. h5 gxh5 46. Qxh6 Qd5+ 47. Kh2 Qxe5 48. Qd2 Kg7 49. Kh3 Qf5+ 50. Kg2 Kg6 51. Qd6+ f6 52. Qd4 Qb1 53. Kh3 Qh1# 0-1


[Site "https://www.chess.com"]

[Event "Titled Tuesday Blitz November 07 Late 2023"]
[White "Davidson, Kevin"]
[Black "Yushko, Olga"]
[WhiteFideId "2056810"]
[BlackFideId "14114500"]
[WhiteElo "2317"]
[BlackElo "2101"]
[Result "0-1"]
[Round "4"]
[TimeControl "180+1"]
[Date "2023.11.07"]
[WhiteClock "0:00:00"]
[BlackClock "0:01:46"]
[Board "156"]

1. e4 e6 2. d4 d5 3. Nc3 Nf6 4. Bg5 dxe4 5. Nxe4 Be7 6. Bxf6 Bxf6 7. Nf3 O-O 8. c3 Nc6 9. Bd3 g6 10. Qc2 e5 11. d5 Nb8 12. Nxf6+ Qxf6 13. O-O-O Bg4 14. h4 Nd7 15. h5 Nc5 16. hxg6 Nxd3+ 17. Qxd3 Qf4+ 18. Qd2 fxg6 19. Qxf4 Rxf4 20. Rde1 e4 21. Ne5 Bh5 22. Rhf1 Raf8 23. c4 Rxf2 24. Rxf2 Rxf2 25. Rxe4 Rxg2 26. c5 Rg1+ 27. Kc2 g5 28. d6 Rg2+ 29. Kc3 Rg3+ 30. Kd4 cxd6 31. cxd6 Rg1 32. d7 Rd1+ 33. Kc5 Kf8 34. Rd4 Rxd4 35. Kxd4 Ke7 36. Ke4 Be2 37. Kf5 h6 38. Kg6 g4 0-1


[Site "https://www.chess.com"]

[Event "Titled Tuesday Blitz November 07 Late 2023"]
[White "Ghosh, Chanchal Kumer"]
[Black "Colivet Gamboa, Julio Cesar"]
[WhiteFideId "10201858"]
[BlackFideId "3949583"]
[WhiteElo "2053"]
[BlackElo "2293"]
[Result "1/2-1/2"]
[Round "4"]
[TimeControl "180+1"]
[Date "2023.11.07"]
[WhiteClock "0:00:11"]
[BlackClock "0:01:23"]
[Board "157"]

1. e4 c5 2. Nf3 Nc6 3. d4 cxd4 4. Nxd4 g6 5. Nc3 Bg7 6. Be3 Nf6 7. Be2 O-O 8. O-O d5 9. exd5 Nxd5 10. Nxd5 Qxd5 11. Bf3 Qa5 12. Nxc6 bxc6 13. Bxc6 Rb8 14. Qd5 Qxd5 15. Bxd5 Rxb2 16. Bxa7 Rxc2 17. Rac1 Rd2 18. Bb3 Bf5 19. Bc5 Bf6 20. Rfd1 Rfd8 21. Rxd2 Rxd2 22. Be3 Rb2 23. h3 Bb1 24. g4 Bxa2 25. Bh6 Rb1 26. Bxa2 Rxc1+ 27. Bxc1 Be5 28. Be3 Kg7 29. Kg2 h5 30. g5 f6 31. h4 f5 32. Kf3 Bc3 33. Bc5 e5 34. Ke3 Bb2 35. Kd3 Bc1 36. Bd5 Bf4 37. Be3 Bh2 38. Be6 Kf8 39. Bb3 Ke7 40. Bc5+ Kd7 41. Kc4 f4 42. Ba4+ Ke6 43. Bc6 Bg1 44. Kd3 Bh2 45. Be4 Kf7 46. Kc4 Kg7 47. Kd5 Bg1 48. Kxe5 Bh2 49. Ke6 Bg1 50. Bd4+ Kh7 51. Kd5 Bh2 52. f3 Bg3 53. Ke5 Bxh4 54. Kxf4 Be1 55. Bf6 Bb4 56. Ke5 Bc3+ 57. Ke6 Bb4 58. f4 Bd2 59. f5 gxf5 60. Bxf5+ Kg8 61. Bh3 Bxg5 62. Kf5 Bxf6 63. Kxf6 Kh7 64. Kg5 Kg7 65. Kxh5 1/2-1/2


[Site "https://www.chess.com"]

[Event "Titled Tuesday Blitz November 07 Late 2023"]
[White "ilya2700"]
[Black "Mirza, Diana"]
[BlackFideId "2503999"]
[WhiteElo "2293"]
[BlackElo "1978"]
[Result "1-0"]
[Round "4"]
[TimeControl "180+1"]
[Date "2023.11.07"]
[WhiteClock "0:00:18"]
[BlackClock "0:00:35"]
[Board "158"]

1. e4 c5 2. c4 Nc6 3. Ne2 e6 4. d4 cxd4 5. Nxd4 Nf6 6. Nc3 d5 7. cxd5 exd5 8. exd5 Nxd5 9. Bc4 Nxc3 10. bxc3 Nxd4 11. cxd4 Bb4+ 12. Bd2 Qe7+ 13. Kf1 Bxd2 14. Qxd2 O-O 15. Re1 Qa3 16. Qf4 Be6 17. d5 Bxd5 18. Bxd5 Qd3+ 19. Kg1 Qxd5 20. h3 Qxa2 21. Kh2 Rac8 22. Re7 b5 23. Rhe1 a5 24. Ra7 Rc4 25. Qd6 Qxf2 26. Qxf8+ Kxf8 27. Ra8+ 1-0


[Site "https://www.chess.com"]

[Event "Titled Tuesday Blitz November 07 Late 2023"]
[White "De Souza, Cristiano Gomes"]
[Black "katharinareinecke"]
[WhiteFideId "2151758"]
[WhiteElo "2281"]
[BlackElo "1930"]
[Result "1-0"]
[Round "4"]
[TimeControl "180+1"]
[Date "2023.11.07"]
[WhiteClock "0:01:04"]
[BlackClock "0:00:05"]
[Board "159"]

1. d4 d5 2. c4 c6 3. Nf3 Nf6 4. Nc3 e6 5. Bg5 Be7 6. e3 O-O 7. Rc1 a6 8. c5 Nbd7 9. Be2 Re8 10. O-O h6 11. Bh4 Bf8 12. b4 e5 13. a4 e4 14. Nd2 g5 15. Bg3 Bg7 16. b5 axb5 17. axb5 Nf8 18. Nb3 Ng6 19. Ra1 Rxa1 20. Qxa1 h5 21. b6 h4 22. Bc7 Qd7 23. Qa7 h3 24. g3 Ng4 25. Na5 f5 26. Nxb7 f4 27. Nd6 fxe3 28. Nd1 exf2+ 29. Nxf2 Nxf2 30. Kxf2 e3+ 31. Ke1 Qe7 32. Nxe8 Qxe8 33. Qa3 Bxd4 34. Qd3 Qe5 35. Qxg6+ Kh8 36. Rf8# 1-0


[Site "https://www.chess.com"]

[Event "Titled Tuesday Blitz November 07 Late 2023"]
[White "Dodaro, Mattia"]
[Black "Burke, Paul"]
[WhiteFideId "28583400"]
[BlackFideId "2605767"]
[WhiteElo "2259"]
[BlackElo "1878"]
[Result "1-0"]
[Round "4"]
[TimeControl "180+1"]
[Date "2023.11.07"]
[WhiteClock "0:02:32"]
[BlackClock "0:00:59"]
[Board "160"]

1. Nc3 a6 2. e4 d6 3. Bc4 g6 4. Nf3 Bg7 5. d4 h6 6. h4 e6 7. Be3 Nd7 8. Qd2 Ne7 9. O-O-O b5 10. Bd3 Bb7 11. Kb1 c6 12. Ne2 Qc7 13. c3 O-O-O 14. Nc1 e5 15. dxe5 dxe5 16. Ne1 Nf6 17. f3 Nh5 18. Qf2 Rd7 19. Nb3 Nf4 20. Bb6 Qb8 21. Ba7 Qc7 22. Nc5 Nxd3 23. Nexd3 Rdd8 24. Nb3 Rd7 25. Bb6 Qb8 26. Ndc5 Rxd1+ 27. Rxd1 Re8 28. Qd2 1-0


[Site "https://www.chess.com"]

[Event "Titled Tuesday Blitz November 07 Late 2023"]
[White "Lutz, Igor Oscar"]
[Black "Cooper, Aaron"]
[WhiteFideId "2110806"]
[BlackFideId "2634945"]
[WhiteElo "1854"]
[BlackElo "2248"]
[Result "0-1"]
[Round "4"]
[TimeControl "180+1"]
[Date "2023.11.07"]
[WhiteClock "0:00:00"]
[BlackClock "0:00:25"]
[Board "161"]

1. d4 g6 2. c4 Bg7 3. Nc3 d6 4. e4 Nc6 5. Nf3 Bg4 6. Be3 Bxf3 7. gxf3 e5 8. d5 Nce7 9. Qd2 f5 10. Bg5 Qd7 11. O-O-O h6 12. Bxe7 Nxe7 13. Bd3 O-O-O 14. Rhg1 Kb8 15. Kb1 Bf6 16. Qc2 Bg5 17. Qb3 Rhf8 18. Qa3 Nc8 19. c5 dxc5 20. Qxc5 fxe4 21. Bxe4 Nd6 22. h4 Be7 23. Qa5 Bxh4 24. Rxg6 Bxf2 25. Rc1 Bb6 26. Qb4 Rf4 27. Rxh6 Qg7 28. Rh7 Qg2 29. Na4 Nxe4 30. Nxb6 Nd2+ 31. Ka1 Rxb4 32. Nd7+ Ka8 0-1


[Site "https://www.chess.com"]

[Event "Titled Tuesday Blitz November 07 Late 2023"]
[White "Bortnyk, Olexandr"]
[Black "Carlsen, Magnus"]
[WhiteFideId "14120828"]
[BlackFideId "1503014"]
[WhiteElo "3037"]
[BlackElo "3271"]
[Result "1/2-1/2"]
[Round "5"]
[TimeControl "180+1"]
[Date "2023.11.07"]
[WhiteClock "0:00:08"]
[BlackClock "0:00:10"]
[Board "1"]

1. e4 c5 2. c3 d5 3. exd5 Qxd5 4. d4 g6 5. Be3 Nf6 6. Nf3 Ng4 7. Nbd2 Nxe3 8. fxe3 Bh6 9. Bc4 Qh5 10. Ne5 Qxd1+ 11. Rxd1 Rf8 12. Ne4 f6 13. Bb5+ Kd8 14. Nc4 Kc7 15. dxc5 Be6 16. Kf2 Nc6 17. b4 a6 18. Bxc6 bxc6 19. Nb6 Rad8 20. a4 Bb3 21. Rd4 f5 22. Nd2 Bf7 23. Nf3 Bg7 24. Rhd1 Rxd4 25. exd4 Rd8 26. Re1 Bf6 27. g3 g5 28. Ne5 Bb3 29. Nf3 h6 30. Nd2 Bf7 31. Nf3 Bb3 32. Rb1 Bc2 33. Rb2 Be4 34. b5 axb5 35. axb5 Bxf3 36. Kxf3 e5 37. Nc4 cxb5 38. Rxb5 exd4 39. cxd4 Rxd4 40. Nd6 Kc6 41. Ra5 Rd3+ 42. Ke2 Rd5 43. Nf7 Bd4 44. Ra6+ Kxc5 45. Nxh6 Kc4 46. Rc6+ Bc5 47. Rf6 Re5+ 48. Kf1 f4 49. gxf4 gxf4 50. Rxf4+ Kd5 51. Ng4 Re6 52. h4 Bd4 53. Kg2 Re4 54. Kf3 Rxf4+ 55. Kxf4 Ke6 56. Kg5 Kf7 57. Nh6+ Kf8 58. Kg6 Ba1 59. h5 Bb2 60. Nf5 Bc1 61. Ng7 Bd2 62. Ne6+ Kg8 63. Nd4 Bc1 64. Nf3 Be3 65. Ne5 Bc1 66. Ng4 Bd2 67. Nf6+ Kh8 68. Kf7 Bc3 69. Ne4 Kh7 70. Nxc3 Kh6 71. Ne4 Kxh5 1/2-1/2


[Site "https://www.chess.com"]